 Dungeon Crawl Stone Soup version 0.27-a0-1359-ga2a4dfd6fd (webtiles) character file.

Game seed: 86253153016518736

781 quinnr the Conjurer (level 7, -4/32 HPs)
             Began as a Vine Stalker Air Elementalist on June 28, 2021.
             Was an Initiate of Vehumet.
             Slain by Sigmund (7 damage)
             ... on level 3 of the Dungeon on June 29, 2021.
             The game lasted 00:22:39 (6609 turns).

quinnr the Conjurer (Vine Stalker Air Elementalist) Turns: 6609, Time: 00:22:40

Health: -4/32      AC:  6    Str: 11    XL:     7   Next: 85%
Magic:  0/12       EV: 12    Int: 21    God:    Vehumet [......]
Gold:   93         SH:  0    Dex: 14    Spells: 4/12 levels left

rFire    . . .     SeeInvis .     - Unarmed
rCold    + + .     Faith    .   (no shield)
rNeg     . . .     Spirit   +   r - +1 robe of Radiud {rC+ Int+4}
rPois    .         Reflect  .   (no helmet)
rElec    .         Harm     .   (no cloak)
rCorr    .         Rampage  .   i - +2 pair of gloves
Will     .....                  (no boots)
Stlth    +.........             (no amulet)
HPRegen  1.10/turn              o - ring of protection from cold
MPRegen  0.13/turn              (no ring)

@: confused, brilliant
A: fangs 2, regeneration 1, magic shield, antimagic bite, no potion heal 2
a: Renounce Religion


You were on level 3 of the Dungeon.
You worshipped Vehumet.
Vehumet was noncommittal.
You visited 2 branches of the dungeon, and saw 6 of its levels.

You collected 207 gold pieces.
You spent 114 gold pieces at shops.

Inventory:

Hand Weapons
 h - a +0 dagger of venom
 k - a +1 whip of holy wrath
Missiles
 l - 133 stones
 p - 7 curare-tipped darts
 t - 2 boomerangs of dispersal
Armour
 a - a +1 robe
 i - a +2 pair of gloves (worn)
 r - the +1 robe of Radiud (worn) {rC+ Int+4}
   (You bought it in a shop on level 2 of the Dungeon)

   Int:       It affects your intelligence (+4).
   rC:        It protects you from cold.
Jewellery
 o - a ring of protection from cold (left hand)
Wands
 c - a wand of charming (6)
Scrolls
 b - a scroll of enchant armour
 d - a scroll of torment {unknown}
 f - 4 scrolls of identify
 n - 2 scrolls of fog
Potions
 e - a potion of curing
 j - 2 potions of heal wounds
 m - a potion of haste {unknown}
 q - a potion of experience {unknown}
 s - a potion of magic {unknown}


   Skills:
 + Level 0.0 Fighting
 - Level 1.5 Dodging
 - Level 2.4 Stealth
 - Level 2.0 Unarmed Combat
 - Level 3.0 Spellcasting
 + Level 5.9 Conjurations
 + Level 0.0 Hexes
 - Level 5.0 Translocations
 - Level 3.0 Air Magic


You had 4 spell levels left.
You knew the following spells:

 Your Spells              Type           Power      Damage    Failure   Level
a - Shock                 Conj/Air       100%       1d9       2%          1
b - Iskenderun's Mystic   Conj/Tloc      39%        2d9       14%         4
c - Dazzling Flash        Conj/Hex       46%        N/A       12%         3

Your spell library contained the following spells:

 Spells                   Type           Power      Damage    Failure   Level
 Magic Dart               Conj           100%       1d8       1%          1
 Searing Ray              Conj           84%        3d6       1%          2
 Static Discharge         Conj/Air       32%        N/A       3%          2
 Foxfire                  Conj/Fire      92%        2x1d8     4%          1
 Swiftness                Air            23%        N/A       12%         3
 Call Imp                 Summ           4%         N/A       21%         2
 Summon Guardian Golem    Hex/Summ       4%         N/A       36%         3
 Airstrike                Air            11%        N/A       36%         4
 Fulminant Prism          Conj/Hex       11%        3d9       36%         4
 Lightning Bolt           Conj/Air       16%        1d30      52%         5
 Summon Mana Viper        Hex/Summ       4%         N/A       98%         5
 Dragon's Call            Summ           2%         N/A       100%        9


Dungeon Overview and Level Annotations

Branches:
Dungeon (5/15)             Temple (1/1) D:5

Altars:
Ashenzari
Cheibriados
Dithmenos
Elyvilon
Gozag
Hepliaklqana
Nemelex Xobeh
Okawaru
Qazlal
Sif Muna
Uskayaw
Vehumet
Wu Jian
Xom
Yredelemnul
Zin
The Shining One

Shops:
D:2 [   D:4 (

Annotations:
D:3 Sigmund


Innate Abilities, Weirdness & Mutations

You have extremely sharp teeth.
Your natural rate of healing is unusually fast.
When hurt, damage is shared between your health and your magic reserves.
Your bite disrupts and absorbs the magic of your enemies.
Potions cannot restore your health.


Message History

Something hits you.
* * * LOW HITPOINT WARNING * * *
Unknown command.
Casting: Shock (safe; 2% risk of failure)
Confirm with . or Enter, or press ? or * to list all spells.
Okay, then.
Unknown command.
You hit something. Your bite misses something.
You hear some strange, mumbled words.
A magic dart appears from out of thin air!
The magic dart hits you.
* * * LOW HITPOINT WARNING * * *
Unknown command.
You hit something. Your bite misses something. Something hits you.
* * * LOW HITPOINT WARNING * * *
Unknown command.
You miss something.
You hear some strange, mumbled words.
You are confused.
Unknown command.
You are too confused!
You bump into the rock wall.
You hear some strange, mumbled words.
A magic dart appears from out of thin air!
The magic dart hits you.
* * * LOW HITPOINT WARNING * * *
Unknown command.
You hit something. Something hits you.
* * * LOW HITPOINT WARNING * * *
Unknown command.
You bump into the rock wall.
Something hits you.
* * * LOW HITPOINT WARNING * * *
Unknown command.
You hear some strange, mumbled words.
A puff of flame appears from out of thin air!
The puff of flame hits you.
* * * LOW HITPOINT WARNING * * *
Unknown command.
Something hits you!
You die...

#.#....#..#.#.†)†.....
##.#..#......#.#)......
#..........###.##.....#
#####....#.##...##...##
#....#.#.....#####.
##.....#...........
###.###.....#####.
###.....##...## ##
#.{@.....##### #
#.#.........
#.#.$....##.# #
#.....## . ........
##########


There were no monsters in sight!

Vanquished Creatures
  Grinder (D:3)
  A phantom (D:3)
  A scorpion (D:5)
  A water moccasin zombie (D:5)
  2 hounds
  3 iguanas
  3 gnolls
  6 adders
  A white imp (D:5)
  An adder skeleton (D:5)
  2 worms
  2 dart slugs
  3 orcs
  8 bats
  5 endoplasms
  4 giant cockroaches
  11 goblins
  4 hobgoblins
  15 jackals
  5 quokkas
  13 ball pythons
  6 frilled lizards
  11 kobolds
  2 rats (D:3)
111 creatures vanquished.

Vanquished Creatures (others)
  An ogre (D:5)
  A bat (D:1)
  A frilled lizard (D:1)
  A goblin (D:1)
  A withered plant (D:1)
5 creatures vanquished.

Grand Total: 116 creatures vanquished

Notes
Turn   | Place    | Note
-------+----------+-------------------------------------------
     0 | D:1      | quinnr the Vine Stalker Air Elementalist began the quest
                  | for the Orb.
     0 | D:1      | Reached XP level 1. HP: 9/9 MP: 4/4
   376 | D:1      | Reached XP level 2. HP: 13/13 MP: 3/6
   852 | D:1      | Found a faded altar of an unknown god.
  1413 | D:1      | Reached XP level 3. HP: 16/16 MP: 4/7
  1775 | D:2      | Reached skill level 1 in Unarmed Combat
  1775 | D:2      | Found Pathrasch's Antique Armour Shop.
  2403 | D:2      | Gained mutation: Your natural rate of healing is unusually
                  | fast. [Vine Stalker growth]
  2403 | D:2      | Reached XP level 4. HP: 21/21 MP: 3/9
  2996 | D:3      | Noticed Grinder
  3003 | D:3      | Learned a level 4 spell: Iskenderun's Mystic Blast
  3518 | D:3      | Found an ornate altar of the Wu Jian Council.
  3850 | D:4      | Reached skill level 1 in Translocations
  3850 | D:4      | Reached XP level 5. HP: 24/24 MP: 6/10
  4073 | D:4      | Found Laet's Antique Weapon Shoppe.
  4567 | D:5      | Entered Level 5 of the Dungeon
  4730 | D:5      | Reached XP level 6. HP: 9/28 MP: 1/11
  4986 | D:5      | Learned a level 4 spell: Iskenderun's Mystic Blast
  5187 | D:5      | Reached XP level 7. HP: 29/32 MP: 0/12
  5283 | D:5      | Found a staircase to the Ecumenical Temple.
  5295 | Temple   | Entered the Ecumenical Temple
  5360 | Temple   | Became a worshipper of Vehumet
  5570 | D:2      | Bought a smoking robe for 114 gold pieces
  5570 | D:2      | Identified the +1 robe of Radiud {rC+ Int+4} (You bought it
                  | in a shop on level 2 of the Dungeon)
  5750 | D:3      | Reached skill level 5 in Conjurations
  5782 | D:3      | Killed Grinder
  6395 | D:3      | Reached skill level 5 in Translocations
  6447 | D:3      | Got the Compendium of the Twelve Dances
  6452 | D:3      | Learned a level 3 spell: Dazzling Flash
  6582 | D:3      | Noticed Sigmund
  6603 | D:3      | HP: 2/32 [something (3)]
  6608 | D:3      | HP: 2/32 [something/puff of flame (1)]
  6609 | D:3      | Slain by Sigmund

Illustrated notes

Levels and vault maps discovered:
D:1:      mrwooster_arrival_statue_2, layout_basic,
          ebering_ecumenical_altar_petrified, lemuel_old_faithful
D:2:      layout_loops_ring, serial_shops, shop, supply_closet_lemuel
D:3:      minmay_octagon_keep, layout_basic, lemuel_crystal_altar,
          minmay_misc_feat_encased, grunt_decor_junction, uniq_grinder,
          uniq_sigmund
D:4:      layout_basic, serial_shops, nicolae_shop_overgrown_old_shop
D:5:      layout_basic, kiku_gazebo_pond_becter,
          minmay_temple_entry_statues_pillars, kennysheep_small_circle
Temple:   nicolae_temple_x_marks_the_god

Skill      XL: |  1  2  3  4  5  6  7 |
---------------+----------------------+-----
Conjurations   | 2 3 4 5 |  5.9
Unarmed Combat | 1 2 |  2.0
Spellcasting   | 3 |  3.0
Translocations | 1 2 3 5 |  5.0
Dodging        | |  1.5
Stealth        | |  2.4
Air Magic      | |  3.0

Action                   |  1- 3 |  4- 6 |  7- 9 || total
-------------------------+-------+-------+-------++-------
Melee: Unarmed           |     8 |    67 |    37 ||   112
       Bite              |       |    16 |    11 ||    27
       Punch             |       |     1 |       ||     1
Throw: Dart              |       |     4 |       ||     4
 Cast: Shock             |    95 |   118 |    58 ||   271
       Iskenderun's Myst |       |       |     2 ||     2
       Dazzling Flash    |       |       |     2 ||     2
Evoke: Wand              |       |     1 |       ||     1
  Use: Scroll            |       |     7 |       ||     7
       Potion            |       |     1 |     1 ||     2
Armor: Robe              |     4 |    17 |    10 ||    31
Dodge: Dodged            |    13 |    76 |    29 ||   118

Table legend: (Time is in decaauts)
 A = Elapsed time spent in this place.
 B = Non-inter-level travel time spent in this place.
 C = Inter-level travel time spent in this place.
 D = Time resting spent in this place.
 E = Time spent auto-exploring this place.
 F = Levels seen in this place.
 G = Mean time per level.
                   A        B        C        D        E       F      G
               +--------+--------+--------+--------+--------+-----+--------+
         Total |   6624 |   6012 |    612 |    887 |   4271 |   6 | 1104.0 |
       Dungeon |   6550 |   5961 |    589 |    887 |   4221 |   5 | 1310.0 |
        Temple |     73 |     51 |     22 |      0 |     50 |   1 |   73.0 |
               +--------+--------+--------+--------+--------+-----+--------+

Top non-repeatable levels by time:
     D:2: 2015 daAuts
     D:1: 1650 daAuts
     D:4: 1294 daAuts
     D:3: 956 daAuts
     D:5: 634 daAuts
  Temple: 73 daAuts
